 Dungeon Crawl Stone Soup version 0.31-a0-167-g1c394c0614 (webtiles) character file.

Game seed: 8071727156108803608

66 qw the Shooter (level 4, 0/39 HPs)
             Began as a Naga Hunter on June 14, 2023.
             Slain by a gnoll
             ... wielding a +2 whip of flaming
              (9 damage)
             ... on level 2 of the Dungeon.
             The game lasted 00:00:21 (891 turns).

qw the Shooter (Naga Hunter)                         Turns: 891, Time: 00:00:21

Health: 0/39       AC:  3    Str: 13    XL:     4   Next: 15%
Magic:  4/4        EV:  9    Int: 10    God:
Gold:   38         SH:  0    Dex: 16    Spells: 3/3 levels left

rFire   . . .        Y - +0 shortbow (chaos)
rCold   . . .        (shield currently unavailable)
rNeg    . . .        c - +0 leather armour
rPois   +            (no helmet)
rElec   .            e - +0 cloak
rCorr   .            (no gloves)
SInv    +            (no barding)
Will    .....        (no amulet)
Stlth   ++           (no ring)
HPRegen 0.26/turn    (no ring)
MPRegen 0.09/turn

%: no passive effects
@: short of breath, very slow
A: AC +1, large, see invisible, deformed body, poison resistance, slowness 2,
spit poison 1, naga tail 1
a: Spit Poison


You were on level 2 of the Dungeon.
You visited 1 branch of the dungeon, and saw 2 of its levels.

You collected 38 gold pieces.


Innate Abilities, Weirdness & Mutations

Your serpentine skin is tough. (AC +1)
You have supernaturally acute eyesight. (SInv)
Armour fits poorly on your strangely shaped body.
Your system is resistant to poisons. (rPois)
You cover ground very slowly.
You can spit poison.
You have a snake-like lower body.


   Skills:
 + Level 2.0 Fighting
 - Level 5.1 Ranged Weapons
 - Level 1.5 Dodging
 - Level 1.5 Stealth


You had 3 spell levels left.
You didn't know any spells.
Your spell library was empty.

Inventory:

Hand Weapons
 Y - a +0 shortbow of chaos (weapon)
Armour
 c - a +0 leather armour (worn)
 e - a +0 cloak (worn)
Potions
 d - a potion of enlightenment {unknown}
 g - a potion of might {unknown}
 h - a potion of resistance {unknown}

Dungeon Overview and Level Annotations

Branches:
Dungeon (2/15)

Altars:


Message History

You kill the gnoll!
A gnoll comes into view. It is wielding a +0 flail.
You shoot an arrow. The arrow hits the gnoll.
The gnoll is moderately wounded.
You have got your breath back.
A gnoll comes into view. It is wielding a +2 whip of flaming.
882 ||| INVOKING Spit Poison.
Aiming: Spit Poison (2% risk of failure)
Press: ? - help, Shift-Dir - straight line, f/p - gnoll The splash of poison hits the gnoll!
The gnoll is poisoned.
The gnoll is severely wounded.
The gnoll barely misses you.
You shoot an arrow. The arrow completely misses the gnoll.
You shoot an arrow. The arrow closely misses the gnoll.
The gnoll barely misses you.
You shoot an arrow. The arrow hits the gnoll!
You kill the gnoll!
The gnoll hits you with a +0 flail.
You shoot an arrow. The arrow closely misses the gnoll.
You have got your breath back.
The gnoll hits you with a +0 flail!
887 ||| INVOKING Spit Poison.
Aiming: Spit Poison (2% risk of failure)
Press: ? - help, Shift-Dir - straight line, f/p - gnoll The splash of poison hits the gnoll.
The gnoll is lightly wounded.
The gnoll hits you with a +0 flail.
You shoot an arrow. The arrow hits the gnoll!
The gnoll is poisoned.
The gnoll is heavily wounded.
The gnoll hits you with a +0 flail. The gnoll barely misses you.
You shoot an arrow. The arrow hits the gnoll.
You kill the gnoll!
Your Ranged Weapons skill increases to level 5!
You have reached level 4!
You feel clever.
You shoot an arrow. The arrow hits the gnoll!
The gnoll is poisoned.
The gnoll is heavily wounded.
The gnoll completely misses you.
You shoot an arrow. The arrow barely misses the gnoll.
The gnoll hits you with a +2 whip of flaming!
You die...

# # #.########.#
#.#..........#
#.......######
#.##.##..#
#...<..######## .
#..##......%...
....#..###.########
......)@......#
....##g###.#### ...
#. #%# . /. #.# ##.
#.# .. #.# .. #.#
.. #.#


You could see a gnoll (very poisoned).

Vanquished Creatures
  3 gnolls (D:2)
  A dart slug (D:1)
  6 endoplasms (D:1)
  4 giant cockroaches
  3 goblins (D:1)
  3 hobgoblins (D:1)
  2 ball pythons
  3 bats (D:1)
  2 frilled lizards (D:1)
  2 kobolds (D:1)
  4 rats (D:1)
33 creatures vanquished.

Notes
Turn   | Place    | Note
-------+----------+-------------------------------------------
     0 | D:1      | qw the Naga Hunter began the quest for the Orb.
     0 | D:1      | Reached XP level 1. HP: 19/19 MP: 1/1
     0 | D:1      | 0 ||| qw: Version: 0.2-a-29-g1fa15c8
     0 | D:1      | 0 ||| qw: Game counter: 4967
     0 | D:1      | 0 ||| qw: Always use a shield: true
     0 | D:1      | 0 ||| qw: God list: Okawaru
     0 | D:1      | 0 ||| qw: Allow faded altars: false
     0 | D:1      | 0 ||| qw: Do Orc after D:15 true
     0 | D:1      | 0 ||| qw: Do second Lair branch before Depths: true
     0 | D:1      | 0 ||| qw: Lair rune preference: random
     0 | D:1      | 0 ||| qw: Plans: Normal
     0 | D:1      | 0 ||| PLANNING D:1-11
    49 | D:1      | 49 ||| INVOKING Spit Poison.
    63 | D:1      | 63 ||| INVOKING Spit Poison.
    83 | D:1      | 83 ||| INVOKING Spit Poison.
    90 | D:1      | 90 ||| INVOKING Spit Poison.
    91 | D:1      | Reached skill level 4 in Ranged Weapons
    91 | D:1      | Reached XP level 2. HP: 26/26 MP: 2/2
   121 | D:1      | 121 ||| INVOKING Spit Poison.
   167 | D:1      | 167 ||| FLEEEEING.
   168 | D:1      | 168 ||| FLEEEEING.
   169 | D:1      | 169 ||| FLEEEEING.
   170 | D:1      | 170 ||| FLEEEEING.
   171 | D:1      | 171 ||| FLEEEEING.
   178 | D:1      | 178 ||| INVOKING Spit Poison.
   191 | D:1      | 191 ||| INVOKING Spit Poison.
   239 | D:1      | 239 ||| INVOKING Spit Poison.
   324 | D:1      | 324 ||| INVOKING Spit Poison.
   326 | D:1      | Reached XP level 3. HP: 32/32 MP: 3/3
   385 | D:1      | 385 ||| INVOKING Spit Poison.
   397 | D:1      | 397 ||| INVOKING Spit Poison.
   401 | D:1      | 401 ||| INVOKING Spit Poison.
   421 | D:1      | 421 ||| INVOKING Spit Poison.
   548 | D:1      | 548 ||| INVOKING Spit Poison.
   665 | D:1      | 665 ||| UPGRADING to +0 cloak.
   670 | D:1      | 670 ||| READING scroll labelled ROQOTA ZURGHOI.
   671 | D:1      | 671 ||| READING scroll labelled KIHE OCUTUE.
   674 | D:1      | 674 ||| READING scroll labelled KANKER EFUFU.
   775 | D:1      | 775 ||| READING scroll labelled POILIO YWIU.
   776 | D:1      | 776 ||| READING scroll labelled FUAHAENIJI.
   777 | D:1      | 777 ||| READING scroll labelled ROGHON DEING.
   836 | D:1      | 836 ||| DROPPING scroll of butterflies.
   857 | D:2      | 857 ||| INVOKING Spit Poison.
   868 | D:2      | 868 ||| INVOKING Spit Poison.
   876 | D:2      | 876 ||| INVOKING Spit Poison.
   882 | D:2      | 882 ||| INVOKING Spit Poison.
   887 | D:2      | 887 ||| INVOKING Spit Poison.
   888 | D:2      | HP: 7/32 [gnoll/+0 flail (5)]
   890 | D:2      | Reached skill level 5 in Ranged Weapons
   890 | D:2      | Reached XP level 4. HP: 9/39 MP: 4/4
   891 | D:2      | Slain by a gnoll

Levels and vault maps discovered:
D:1:      kennysheep_arrival_seaside, layout_loops_ring, minmay_pentomino_r2
D:2:      layout_basic, minmay_misc_feat_pillars, minivault_25

Skill      XL: |  1  2  3 |
---------------+----------+-----
Ranged Weapons | 4 5 |  5.1
Fighting       | |  2.0
Dodging        | |  1.5
Stealth        | |  1.5

Action                     |  1- 3 |  4- 6 || total
---------------------------+-------+-------++-------
   Fire: Shortbow          |    45 |     2 ||    47
Ability: Spit Poison       |    19 |       ||    19
    Use: Scroll            |     6 |       ||     6
  Dodge: Dodged            |     3 |     1 ||     4

Table legend:
 A = Non-vault XP
 B = Vault XP
 C = Vault XP percentage of total XP
 D = Non-vault monster count
 E = Vault monster count
 F = Vault count percentage of total count
                 A         B        C        D         E       F
            +---------+---------+-------+---------+---------+-------
      Total |      91 |       4 |   4.2 |      31 |       2 |   6.1
            +---------+---------+-------+---------+---------+-------
        D:1 |      43 |       4 |   8.5 |      26 |       2 |   7.1
        D:2 |      48 |       0 |   0.0 |       5 |       0 |   0.0
            +---------+---------+-------+---------+---------+-------
